 Dungeon Crawl Stone Soup version 0.29-a0-82-g837932c90e (webtiles) character file.

Game seed: 14198327962606268439

1495 enile the Nimble (level 8, -4/38 HPs)
             Began as a Felid Wanderer on Feb 4, 2022.
             Was a Follower of Vehumet.
             Slain by Harold (16 damage)
             ... on level 7 of the Dungeon on Feb 5, 2022.
             The game lasted 00:41:48 (20886 turns).

enile the Nimble (Felid Wanderer)                  Turns: 20886, Time: 00:41:48

Health: -4/38      AC:  2    Str:  7    XL:     8   Next: 51%
Magic:  10/10      EV: 23    Int: 19    God:    Vehumet [*.....]
Gold:   81         SH:  0    Dex: 19    Spells: 2/9 levels left
                                        Lives:  0   Deaths: 2

rFire   . . .      SeeInvis +     - Unarmed
rCold   . . .      Faith    .   (shield unavailable)
rNeg    . . .      Spirit   .   (armour unavailable)
rPois   .          Reflect  .   (helmet unavailable)
rElec   .          Harm     .   (cloak unavailable)
rCorr   .          Rampage  .   (gloves unavailable)
Will    +....                   (boots unavailable)
Stlth   ++++......              (no amulet)
HPRegen 0.12/turn               d - +6 ring of intelligence
MPRegen 0.12/turn               i - +4 ring of slaying

@: quick
A: very small, claws 1, fangs 3, see invisible, speed 1, shaggy fur 2, stealthy
paws, no weapons or thrown items, no armour, multi-lived
a: Renounce Religion


You were on level 7 of the Dungeon.
You worshipped Vehumet.
Vehumet was aware of your devotion.
You visited 2 branches of the dungeon, and saw 9 of its levels.

You collected 295 gold pieces.
You spent 214 gold pieces at shops.

Inventory:

Jewellery
 d - a +6 ring of intelligence (left paw)
 i - a +4 ring of slaying (right paw)
Wands
 k - a wand of flame (62)
Scrolls
 b - 4 scrolls of silence
 c - 2 scrolls of amnesia
 f - a scroll of fear {unknown}
 j - a scroll of brand weapon {unknown}
 l - a scroll of torment {unknown}
 n - a scroll of vulnerability
 o - 2 scrolls of noise
 p - a scroll of identify
 q - a scroll of teleportation
Potions
 a - a potion of degeneration {unknown}
 e - a potion of magic {unknown}
 g - 3 potions of curing
 h - a potion of flight
 m - 2 potions of cancellation {unknown}
 r - a potion of berserk rage {unknown}


   Skills:
 - Level 6.0 Fighting
 - Level 8.1 Dodging
 - Level 7.0 Stealth
 - Level 4.0 Unarmed Combat
 - Level 1.0 Spellcasting
 + Level 5.5 Summonings
 - Level 5.0 Translocations
 - Level 5.0 Air Magic
 - Level 3.0 Evocations


You had 2 spell levels left.
You knew the following spells:

 Your Spells              Type           Power      Damage    Failure   Level
a - Summon Lightning Spi  Summ/Air       20%        N/A       22%         4
b - Blink                 Tloc           38%        N/A       3%          2
c - Foxfire               Conj/Fire      0%         2x1d4     19%         1

Your spell library contained the following spells:

 Spells                   Type           Power      Damage    Failure   Level
 Lesser Beckoning         Tloc           19%        N/A       7%          3
 Manifold Assault         Tloc           19%        N/A       54%         5
 Storm Form               Tmut/Air       5%         N/A       100%        7
 Maxwell's Capacitive Co  Air            9%         ∞         100%        8


Dungeon Overview and Level Annotations

Branches:
Dungeon (8/15)             Temple (1/1) D:6
   Lair: D:8-11

Altars:
Ashenzari
Cheibriados
Dithmenos
Elyvilon
Fedhas
Gozag
Hepliaklqana
Kikubaaqudgha
Makhleb
Nemelex Xobeh
Okawaru
Qazlal
Ru
Uskayaw
Vehumet
Yredelemnul
Zin
The Shining One

Shops:
D:1 !   D:3 *

Annotations:
D:6 Maggie
D:7 Harold


Innate Abilities, Weirdness & Mutations

You have sharp claws.
You have razor-sharp teeth.
You have supernaturally acute eyesight. (SInv)
You cover ground quickly. (Speed+)
You are covered in thick fur. (AC +2)
Your paws help you pounce on unaware monsters.
You are incapable of wielding weapons or throwing items.
You cannot wear armour.
You gain extra lives every three experience levels.


Message History

You are yanked forward by the harpoon shot.
Harold shouts, "Can you die now?
I had plans for the rest of the day!"
Harold considers, "I think I'll use your bounty to get a cattle farm..."
Your lightning spire shoots out a bolt of lightning at Harold!
The bolt of electricity hits Harold!
Harold points at you and mumbles some strange words.
You barely resist.
Your lightning spire disappears in a puff of smoke!
Harold points at you and mumbles some strange words.
A sentinel's mark forms upon you.
There is a stone staircase leading up, spattered with blood here.
You climb upwards.
There is a stone staircase leading down here.
You start resting.
Magic restored.
You start resting.
The sentinel's mark upon you fades away.
You start resting.
HP restored.
You climb downwards.
Level annotation: Harold Harold hits you with a +0 long sword.
There is a stone staircase leading up, spattered with blood here.
You scratch Harold. You claw Harold. You bite Harold!
Harold is lightly wounded.
Harold closely misses you.
You scratch Harold but do no damage.
Harold is lightly wounded.
Harold misses you.
You barely miss Harold. You bite Harold.
Harold is moderately wounded.
Harold hits you with a +0 long sword!!
Ouch! That really hurt!
* * * LOW HITPOINT WARNING * * *
Harold points at you and mumbles some strange words.
You barely resist.
You climb upwards.
There is a stone staircase leading down here.
Harold hits you with a +0 long sword!
You die...

######.#.## #....#
#..#.# #....# #.##.#
###############.##.#
#.(.............##.#
####.############..##.#
.....# #>@..##.#
.....##########@#.###.#
.###..................#
.# #.##########.#.###.#
.###.## ##.#.# #.#
.##...########....###.#
......................#
###...########....#####
#####.........#.#


You could see Harold.

Vanquished Creatures
  3 black bears
  2 orc warriors
  A necrophage (D:5)
  An ice beast (D:4)
  2 sky beasts
  4 centaurs
  2 ogres
  A nameless horror (D:6)
  2 wyvern zombies
  A kobold brigand (D:7)
  A bullfrog (D:6)
  3 scorpions
  A centaur zombie (D:8)
  A bullfrog zombie (D:6)
  4 orc priests
  2 hounds (D:5)
  An iguana (D:6)
  10 orc wizards
  A scorpion zombie (D:5)
  A hound skeleton (D:5)
  A howler monkey zombie (D:7)
  6 gnolls
  A howler monkey skeleton (D:6)
  5 adders
  2 shadow imps
  2 white imps
  An ufetubus (D:7)
  An adder skeleton (D:5)
  22 orcs
  4 endoplasms
  7 giant cockroaches
  6 goblins
  4 hobgoblins
  9 jackals
  3 quokkas
  6 ball pythons
  3 bats
  3 frilled lizards
  16 kobolds
  A quokka skeleton (D:4)
  7 rats
  A butterfly (D:6)
155 creatures vanquished.

Vanquished Creatures (collateral kills)
  A black bear (D:4)
  An orc warrior (D:7)
  2 orc priests (D:6)
  A gnoll (D:7)
  2 orcs
  A quokka (D:3)
8 creatures vanquished.

Vanquished Creatures (others)
  8 foxfires (D:8)
8 creatures vanquished.

Grand Total: 171 creatures vanquished

Notes
Turn   | Place    | Note
-------+----------+-------------------------------------------
     0 | D:1      | enile the Felid Wanderer began the quest for the Orb.
     0 | D:1      | enile set off with the following items: a scroll of fog, a
                  | scroll of silence
     0 | D:1      | Reached XP level 1. HP: 11/11 MP: 2/2
   423 | D:1      | Found a faded altar of an unknown god.
   436 | D:1      | Prayed at the altar of an unknown god.
   436 | D:1      | Became a worshipper of Elyvilon the Healer
   436 | D:1      | Reached * piety under Elyvilon
   909 | D:1      | Found Viprits's Distillery.
   918 | D:1      | Reached XP level 2. HP: 14/15 MP: 3/3
   936 | D:1      | Bought a potion of curing for 39 gold pieces
  1787 | D:2      | Reached XP level 3. HP: 15/18 MP: 4/4
  2505 | D:2      | Reached skill level 6 in Dodging
  2804 | D:1      | You fall into a shaft and drop 1 floor!
  3226 | D:2      | Reached skill level 1 in Unarmed Combat
  3476 | D:2      | Reached ** piety under Elyvilon
  3804 | D:3      | Found Hidoenwyrre's General Store.
  3837 | D:3      | Reached XP level 4. HP: 17/22 MP: 5/5
  3910 | D:3      | Bought a potion of heal wounds for 65 gold pieces
  4503 | D:3      | Found an opulent altar of Gozag.
  4681 | D:3      | Found a glowing silver altar of Zin.
  4852 | D:4      | Reached *** piety under Elyvilon
  5046 | D:4      | Noticed a phantom
  5517 | D:3      | HP: 1/22 [poisoned by an adder]
  5768 | D:4      | Reached XP level 5. HP: 25/25 MP: 6/6
  5832 | D:4      | Reached skill level 7 in Dodging
  6042 | D:4      | HP: 1/25 [orc priest/divine providence (9)]
  7309 | D:4      | HP: 1/25 [orc wizard/magic dart (6)]
  7670 | D:4      | Reached skill level 5 in Stealth
  7675 | D:4      | Learned a level 4 spell: Summon Lightning Spire
  7918 | D:5      | Entered Level 5 of the Dungeon
  7918 | D:5      | Noticed a centaur
  7944 | D:4      | Killed a centaur
  7945 | D:4      | Gained mutation: You are covered in thick fur. (AC +2)
                  | [Felid growth]
  7945 | D:4      | Reached XP level 6. HP: 20/28 MP: 7/7
  8074 | D:5      | Reached skill level 1 in Air Magic
  8597 | D:5      | Noticed an ice beast
 10574 | D:2      | Reached XP level 7. HP: 17/32 MP: 8/8
 11088 | D:2      | Elyvilon protects you from harm!
 12543 | D:4      | Noticed a nameless horror
 12856 | D:6      | Found a staircase to the Ecumenical Temple.
 14723 | D:4      | Reached skill level 5 in Fighting
 15173 | D:5      | Reached XP level 8. HP: 27/37 MP: 9/9
 16223 | D:5      | Slain by an orc warrior
 16224 | D:5      | Reached XP level 7. HP: -4/33 MP: 8/8
 16933 | D:5      | Reached skill level 8 in Dodging
 16933 | D:5      | Reached skill level 1 in Spellcasting
 16933 | D:5      | Reached XP level 8. HP: 20/37 MP: 8/10
 17096 | Temple   | Entered the Ecumenical Temple
 17168 | Temple   | Fell from the grace of Elyvilon
 17168 | Temple   | Became a worshipper of Vehumet
 17281 | D:3      | Bought a scroll of vulnerability for 97 gold pieces
 17281 | D:3      | Bought a scroll of noise for 13 gold pieces
 17462 | D:6      | Reached skill level 5 in Summonings
 17967 | D:6      | Learned a level 2 spell: Blink
 18310 | D:6      | Noticed Maggie
 18340 | D:6      | Killed from afar by Maggie
 18341 | D:6      | Reached XP level 7. HP: -15/34 MP: 4/9
 18494 | D:6      | Found a broken altar of Ashenzari.
 19054 | D:7      | Reached skill level 5 in Air Magic
 19054 | D:7      | Reached XP level 8. HP: 38/38 MP: 5/10
 19733 | D:7      | Reached skill level 5 in Translocations
 19743 | D:7      | Reached * piety under Vehumet
 19743 | D:7      | Offered knowledge of Foxfire by Vehumet.
 20165 | D:8      | Learned a level 1 spell: Foxfire
 20323 | D:8      | Noticed Harold
 20886 | D:7      | Slain by Harold

Illustrated notes

Levels and vault maps discovered:
D:1:      dpeg_arrival_fog, layout_loops_ring, serial_shops, shop_statue,
          basic_ecumenical_altar, st_stairs_1
D:2:      layout_basic, patterned_corridor
D:3:      layout_basic, pdpol_temple_overflow_zin_treasury_gozag_greed,
          serial_shops, shop
D:4:      layout_loops_ring
D:5:      layout_rooms, nicolae_concentric_dashed_squares_mild,
          grunt_ministairs_14, kennysheep_opposing_triangles
D:6:      layout_loops_ring, cheibrodos_ashenzari_chains,
          minmay_temple_entry_butterflies, uniq_maggie
D:7:      layout_loops_ring
D:8:      layout_basic, grunt_temple_overflow_open, serial_shops,
          nicolae_shop_hallway_plus, uniq_maurice, uniq_harold, uniq_pikel
Temple:   eino_wide_crystal_templ

Skill      XL: |  1  2  3  4  5  6  7  8 |
---------------+-------------------------+-----
Stealth        | 3 4 5 7 |  7.0
Dodging        | 6 7 8 |  8.1
Unarmed Combat | 1 2 3 4 |  4.0
Summonings     | 2 3 4 5 |  5.5
Air Magic      | 3 5 |  5.0
Fighting       | 5 6 |  6.0
Evocations     | 3 |  3.0
Spellcasting   | 1 |  1.0
Translocations | 5 |  5.0

Action                   |  1- 3 |  4- 6 |  7- 9 || total
-------------------------+-------+-------+-------++-------
Melee: Unarmed           |   181 |   231 |   444 ||   856
       Bite              |    24 |    24 |    66 ||   114
       Punch             |     1 |     7 |    28 ||    36
 Cast: Summon Lightning  |       |     1 |    22 ||    23
       Foxfire           |       |       |     5 ||     5
       Blink             |       |       |     2 ||     2
Invok: Purification      |     2 |     1 |       ||     3
       Heal Self         |       |     3 |       ||     3
Evoke: Wand              |       |     1 |    20 ||    21
  Use: Scroll            |     4 |     4 |     4 ||    12
       Potion            |     1 |     2 |     5 ||     8
 Stab: Sleeping          |    11 |     6 |     3 ||    20
       Distracted        |       |       |     6 ||     6
       Paralysed         |       |       |     3 ||     3
Armor: Skin              |    11 |     7 |    16 ||    34
Dodge: Dodged            |   174 |   273 |   429 ||   876

Table legend: (Time is in decaauts)
 A = Elapsed time spent in this place.
 B = Non-inter-level travel time spent in this place.
 C = Inter-level travel time spent in this place.
 D = Time resting spent in this place.
 E = Time spent auto-exploring this place.
 F = Levels seen in this place.
 G = Mean time per level.
                   A        B        C        D        E       F      G
               +--------+--------+--------+--------+--------+-----+--------+
         Total |  19410 |  18613 |    797 |   8222 |   6546 |   9 | 2156.7 |
       Dungeon |  19343 |  18576 |    767 |   8222 |   6519 |   8 | 2417.9 |
        Temple |     67 |     38 |     29 |      0 |     26 |   1 |   67.0 |
               +--------+--------+--------+--------+--------+-----+--------+

Top non-repeatable levels by time:
     D:4: 3902 daAuts
     D:3: 3713 daAuts
     D:5: 3131 daAuts
     D:2: 2632 daAuts
     D:1: 2580 daAuts
     D:7: 1678 daAuts
     D:6: 1381 daAuts
     D:8: 323 daAuts
  Temple: 67 daAuts
